 Dungeon Crawl Stone Soup version 0.25-a0-100-g33052ceff8 (webtiles) character file.

Game seed: 12627337650637231752, levelgen mode: deterministic

1 DavidChitty2 the Magician (level 1, -11/10 HPs)
             Began as a Deep Elf Wizard on Nov 14, 2019.
             Mangled by a gnoll
             ... wielding a +0 halberd
              (13 damage)
             ... on level 1 of the Dungeon.
             The game lasted 00:00:41 (94 turns).

DavidChitty2 the Magician (Deep Elf Wizard)           Turns: 94, Time: 00:00:42

Health: -11/10     AC:  2    Str:  4    XL:     1   Next: 16%
Magic:  1/7        EV: 13    Int: 22    God:
Gold:   0          SH:  0    Dex: 13    Spells: 7/8 levels left

rFire    . . .     SeeInvis .   (no weapon)
rCold    . . .     Gourm    .   (no shield)
rNeg     . . .     Faith    .   a - +0 robe
rPois    .         Spirit   .   b - +0 hat
rElec    .         Reflect  .   (no cloak)
rCorr    .         Harm     .   (no gloves)
MR       .....                  (no boots)
Stlth    ++........             (no amulet)
HPRegen  0.03/turn              (no ring)
MPRegen  0.10/turn              (no ring)

@: very slightly contaminated
A: no striking features
a: no special abilities


You were on level 1 of the Dungeon.
You were not hungry.

You visited 1 branch of the dungeon, and saw 1 of its levels.

Inventory:

Armour
 a - a +0 robe (worn)
 b - a +0 hat (worn)
Scrolls
 c - 3 scrolls of remove curse {unknown}
Potions
 d - a potion of mutation {unknown}
Comestibles
 e - a ration {!d}


   Skills:
 - Level 2.4 Dodging
 + Level 2.4 Stealth
 + Level 4.4 Spellcasting
 * Level 1.2 Conjurations
   Level 1.1 Summonings
   Level 1.1 Translocations


You had 7 spell levels left.
You knew the following spells:

 Your Spells              Type           Power        Failure   Level  Hunger
a - Magic Dart            Conj           ##..         7%          1    None

Your spell library contained the following spells:

 Spells                   Type           Power        Failure   Level  Hunger
 Blink                    Tloc           N/A          11%         2    #......
 Call Imp                 Summ           #.......     11%         2    #......
 Slow                     Hex            #.......     16%         2    #......
 Conjure Flame            Conj/Fire      #.......     26%         3    ##.....
 Mephitic Cloud           Conj/Pois/Air  #.......     26%         3    ##.....


Dungeon Overview and Level Annotations

Branches:
Dungeon (1/15)

Altars:


Message History

e - a ration Welcome, DavidChitty2 the Deep Elf Wizard.
It is said that the Orb of Zot exists deep within this dungeon.
Found a staircase leading out of the dungeon.
Found 3 scrolls labeled NIEH SANOUTEOJ.
c - 3 scrolls labeled NIEH SANOUTEOJ
Found a smoky grey potion.
d - a smoky grey potion You open the door.
A giant cockroach and a gnoll come into view.
Found a coppery potion.
Aim: a gnoll, wielding a +0 halberd (resting)
The magic dart hits the gnoll.
The gnoll shouts!
Aim: a gnoll, wielding a +0 halberd (lightly wounded)
The magic dart hits the gnoll.
Aim: a gnoll, wielding a +0 halberd (moderately wounded)
The magic dart hits the gnoll.
Aim: a gnoll, wielding a +0 halberd (moderately wounded)
The magic dart hits the giant cockroach.
Aim: a giant cockroach (severely wounded, clinging)
The magic dart hits the giant cockroach but does no damage.
The giant cockroach barely misses you.
Aim: a giant cockroach (severely wounded, clinging)
The magic dart hits the giant cockroach.
You kill the giant cockroach!
The gnoll barely misses you.
Aim: a gnoll, wielding a +0 halberd (lightly wounded)
The magic dart hits the gnoll.
The gnoll barely misses you.
Aim: a gnoll, wielding a +0 halberd (moderately wounded)
You miscast Magic Dart.
You are very lightly contaminated with residual magic.
Nothing appears to happen.
Aim: a gnoll, wielding a +0 halberd (moderately wounded)
You miscast Magic Dart.
Nothing appears to happen.
The gnoll barely misses you.
Aim: a gnoll, wielding a +0 halberd (moderately wounded)
The magic dart hits the gnoll.
The gnoll hits you from afar with a +0 halberd!
Ouch! That really hurt!
* * * LOW HITPOINT WARNING * * *
The gnoll closely misses you. The gnoll hits you but does no damage.
The gnoll misses you.
The gnoll hits you from afar with a +0 halberd!
Ouch! That really hurt!
You die...

#### ##.<######## ######
#....##....####....##
#....#......##......#
##..##..##..##..##..#
#..##..##..##..##..#
#..##..##..##..##..######.#
#..##..##.g##..##..##.....#
#......##...@..##.....#####
##....####....####....#
###### ###### ####.# #.#
#######.# #.......# .
#.......# .. #.......# ...
##...##.###....


You could see a gnoll.

Vanquished Creatures
  A giant cockroach (D:1)
1 creature vanquished.

Notes
Turn   | Place    | Note
-------+----------+-------------------------------------------
     0 | D:1      | DavidChitty2 the Deep Elf Wizard began the quest for the
                  | Orb.
     0 | D:1      | Reached XP level 1. HP: 10/10 MP: 7/7
    94 | D:1      | Mangled by a gnoll

Levels and vault maps discovered:
D:1:      minmay_arrival_wavy_path, layout_basic

Action                   || total
-------------------------++-------
 Cast: Magic Dart        ||     8
Dodge: Dodged            ||     6

Table legend:
 A = Non-vault XP
 B = Vault XP
 C = Vault XP percentage of total XP
 D = Non-vault monster count
 E = Vault monster count
 F = Vault count percentage of total count
                 A         B        C        D         E       F
            +---------+---------+-------+---------+---------+-------
      Total |       2 |       0 |   0.0 |       1 |       0 |   0.0
            +---------+---------+-------+---------+---------+-------
        D:1 |       2 |       0 |   0.0 |       1 |       0 |   0.0
            +---------+---------+-------+---------+---------+-------
